 Dungeon Crawl Stone Soup version 0.29.1-15-g9cfb28693d (webtiles) character file.

Game seed: 2574311586952382332

3533 joshua the Protected (level 9, -1/83 HPs)
             Began as a Minotaur Fighter on Mar 23, 2023.
             Was a Follower of Okawaru.
             Slain by an ogre
             ... wielding a +0 halberd
              (3 damage)
             ... in a bailey.
             The game lasted 00:41:50 (8127 turns).

joshua the Protected (Minotaur Fighter)             Turns: 8127, Time: 00:41:51

Health: -1/83      AC: 18    Str: 24    XL:     9   Next: 82%
Magic:  0/26       EV:  8    Int:  5    God:    Okawaru [*.....]
Gold:   509        SH:  5    Dex: 11    Spells: 8/8 levels left

rFire   . . .      SeeInvis .   i - +1 hand axe
rCold   . . .      Faith    .   c - +0 buckler
rNeg    . . .      Spirit   +   I - +2 chain mail {Will+}
rPois   .          Reflect  .   e - +2 hat
rElec   .          Harm     .   B - scarf {shadows}
rCorr   .          Rampage  .   s - +0 pair of gloves
Will    +....                   r - +0 pair of boots
Stlth   ..........              q - amulet of guardian spirit
HPRegen 0.23/turn               j - ring of magical power
MPRegen 0.20/turn               J - ring of magical power

@: mighty
A: horns 2, retaliatory headbutt
a: Renounce Religion, Heroism


You were in a bailey.
You worshipped Okawaru.
Okawaru was aware of your devotion.
You visited 2 branches of the dungeon, and saw 9 of its levels.
You also visited: Bailey.

You collected 509 gold pieces.

Inventory:

Hand Weapons
 i - a +1 hand axe (weapon)
 y - a +3 quarterstaff of chaos
 D - a +4 dagger of venom
 M - a +0 hand axe
 O - a +2 flail of protection
 P - a +3 trident of freezing
Armour
 b - a +0 scale mail
 c - a +0 buckler (worn)
 e - a +2 hat (worn)
 r - a +0 pair of boots (worn)
 s - a +0 pair of gloves (worn)
 z - a +0 cloak
 B - a scarf of shadows (worn)
 F - a +0 pair of boots
 I - a +2 chain mail of willpower (worn)
Jewellery
 j - a ring of magical power (left hand)
 q - an amulet of guardian spirit (around neck)
 v - a ring of flight
 J - a ring of magical power (right hand)
 T - a ring of wizardry
Wands
 f - a wand of charming (7)
 H - a wand of flame (25)
Scrolls
 a - a scroll of blinking
 h - 2 scrolls of identify
 l - 3 scrolls of vulnerability
 o - 3 scrolls of magic mapping
 A - 2 scrolls of teleportation
 E - a scroll of enchant armour {unknown}
 G - a scroll of amnesia {unknown}
 K - a scroll of fear
 Q - a scroll of butterflies
 R - a scroll of silence {unknown}
Potions
 g - 2 potions of curing
 k - 2 potions of cancellation
 m - a potion of resistance
 n - a potion of flight
 t - 4 potions of mutation
 u - 2 potions of invisibility
 w - 4 potions of attraction
 x - a potion of magic
 C - a potion of ambrosia
 L - a potion of lignification
 N - a potion of brilliance
 S - a potion of haste {unknown}


   Skills:
 * Level 9.2 Fighting
 * Level 8.3(9.3) Axes
 + Level 6.4(8.4) Maces & Flails
 * Level 9.2 Armour
 + Level 6.9 Shields


You had 8 spell levels left.
You didn't know any spells.
Your spell library contained the following spells:

 Spells                   Type           Power      Damage    Failure   Level
 Apportation              Tloc           0%         N/A       98%         1
 Necrotise                Necr           0%         1d4       98%         1
 Vampiric Draining        Necr           0%         2d6       100%        3
 Agony                    Necr           0%         N/A       100%        5
 Orb of Destruction       Conj           0%         9d5       100%        7
 Summon Small Mammal      Summ           Unusable   N/A       N/A         1
 Summon Guardian Golem    Hex/Summ       Unusable   N/A       N/A         3
 Spellforged Servitor     Conj/Summ      Unusable   N/A       N/A         7

Dungeon Overview and Level Annotations

Branches:
Dungeon (8/15)             Temple (1/1) D:7            Lair (0/5) D:8
 Bailey (1/1)

Altars:
Ashenzari
Dithmenos
Elyvilon
Fedhas
Gozag
Hepliaklqana
Kikubaaqudgha
Makhleb
Nemelex Xobeh
Okawaru
Qazlal
Ru
Trog
Uskayaw
Vehumet
Wu Jian
Xom
Yredelemnul
The Shining One

Annotations:
Temple 2 transporters


Innate Abilities, Weirdness & Mutations

You have a pair of horns on your head.
You reflexively headbutt those who attack you in melee.


Message History

The ogre hits you from afar with a +0 halberd!!
* * * LOW HITPOINT WARNING * * *
The spriggan barely misses you.
You feel much better. The ogre hits you but does no damage.
The spriggan hits you but does no damage.
The ogre hits you from afar with a +0 halberd.
* * * LOW HITPOINT WARNING * * *
You block the spriggan's attack.
The spriggan hits you but does no damage.
The ogre hits you but does no damage. You block the spriggan's attack.
The ogre hits you with a +0 glaive!
* * * LOW HITPOINT WARNING * * *
You hit the ogre. You headbutt the ogre!
The ogre is severely wounded.
You hit the spriggan.
The spriggan hits you but does no damage.
You block the ogre's attack.
The ogre hits you from afar with a +0 halberd.
* * * LOW HITPOINT WARNING * * *
You slice the ogre!!
You kill the ogre!
Okawaru accepts your kill.
You miss the spriggan. You block the spriggan's attack.
The ogre hits you with a +0 halberd.
* * * LOW HITPOINT WARNING * * *
The ogre hits you with a +0 halberd!
* * * LOW HITPOINT WARNING * * *
The spriggan barely misses you. You furiously retaliate!
You headbutt the spriggan!
You see here a +0 glaive.
You miss the spriggan.
The spriggan is almost dead.
You slash the ogre! You hit the ogre. The spriggan completely misses you.
You furiously retaliate!
You headbutt the spriggan!
You kill the spriggan!
Okawaru accepts your kill.
You slash the ogre! You headbutt the ogre!
The ogre is almost dead.
You barely miss the ogre. The ogre hits you with a +0 halberd.
You die...

### ##.##
##...##
#...O.# .#
##..@O.###..♣
#...)).~~~..♣
#......~~~..#
#......~~~..#
#......~~~..#
#...∩..~~~..#
##.....###..#
#.....# #..


You could see 2 ogres.

Vanquished Creatures
  An elephant (D:8)
  Grinder (D:5)
  A spriggan (Bailey)
  A yak (D:8)
  A steam dragon (D:4)
  2 ice beasts (D:7)
  6 black bears
  5 ogres
  2 centaurs
  A kobold brigand (D:7)
  3 bullfrogs
  A gnoll sergeant (D:6)
  3 scorpions
  A necrophage (D:5)
  A crimson imp (D:6)
  5 hounds
  2 jellies
  An iguana (D:5)
  Crazy Yiuf (D:3)
  Ijyb (D:5)
  Natasha (thrice) (D:3)
  3 orc wizards
  4 gnolls (D:6)
  7 adders
  A shadow imp (D:7)
  4 white imps
  3 ufetubi
  A worm (D:3)
  A dart slug (D:2)
  13 orcs
  7 endoplasms
  2 giant cockroaches
  10 goblins
  4 hobgoblins
  2 jackals (D:2)
  14 kobolds
  3 quokkas
  3 ball pythons
  7 bats
  A frilled lizard (D:2)
  2 goblin skeletons (D:3)
  3 goblin zombies (D:3)
  2 hobgoblin zombies (D:3)
  A kobold zombie (D:3)
  An orc zombie (D:3)
  3 rats
145 creatures vanquished.

Vanquished Creatures (others)
  32 plants
32 creatures vanquished.

Grand Total: 177 creatures vanquished

Notes
Turn   | Place    | Note
-------+----------+-------------------------------------------
     0 | D:1      | joshua the Minotaur Fighter began the quest for the Orb.
     0 | D:1      | Reached XP level 1. HP: 19/19 MP: 0/0
   675 | D:1      | Reached XP level 2. HP: 27/27 MP: 1/1
  1256 | D:2      | Reached skill level 1 in Axes
  1465 | D:2      | Reached XP level 3. HP: 33/33 MP: 2/2
  1476 | D:2      | Found a faded altar of an unknown god.
  2193 | D:3      | Noticed Natasha
  2200 | D:2      | Reached XP level 4. HP: 34/40 MP: 3/3
  2257 | D:3      | Killed Natasha
  2352 | D:3      | Noticed a scorpion
  2454 | D:3      | Killed a scorpion
  2455 | D:3      | Reached XP level 5. HP: 47/47 MP: 4/4
  2581 | D:3      | Noticed Natasha
  2588 | D:3      | Killed Natasha
  2875 | D:3      | Found a glowing golden altar of the Shining One.
  2996 | D:3      | Found a runed translucent door.
  2997 | D:3      | Noticed Crazy Yiuf
  3016 | D:3      | Noticed Natasha
  3028 | D:3      | Killed Natasha
  3029 | D:3      | Reached skill level 5 in Fighting
  3029 | D:3      | Reached skill level 5 in Armour
  3190 | D:3      | Killed Crazy Yiuf
  3474 | D:4      | Reached XP level 6. HP: 52/56 MP: 5/5
  3758 | D:4      | Noticed a steam dragon
  3775 | D:4      | Killed a steam dragon
  3776 | D:4      | Reached XP level 7. HP: 29/62 MP: 6/6
  4087 | D:4      | Found a bloodstained altar of Trog.
  4406 | D:4      | Reached skill level 5 in Shields
  4705 | D:5      | Entered Level 5 of the Dungeon
  4759 | D:5      | Reached skill level 5 in Axes
  4781 | D:5      | Found a shadowy altar of Dithmenos.
  5119 | D:5      | Found a stormy altar of Qazlal.
  5205 | D:5      | Reached XP level 8. HP: 58/71 MP: 7/7
  5447 | D:5      | Noticed Grinder
  5448 | D:5      | Paralysed by Grinder for 3 turns
  5460 | D:5      | Killed Grinder
  5537 | D:5      | Noticed Ijyb
  5550 | D:5      | Killed Ijyb
  6084 | D:6      | Reached skill level 5 in Maces & Flails
  7212 | D:7      | Reached XP level 9. HP: 74/81 MP: 8/8
  7455 | D:7      | Found a staircase to the Ecumenical Temple.
  7462 | Temple   | Entered the Ecumenical Temple
  7463 | Temple   | Found a transporter.
  7463 | Temple   | Found a transporter.
  7465 | Temple   | Found a transporter.
  7465 | Temple   | Found a transporter.
  7493 | Temple   | Became a worshipper of Warmaster Okawaru
  7844 | D:8      | Noticed an elephant
  7902 | D:8      | Killed an elephant
  8009 | D:8      | Found a staircase to the Lair.
  8078 | D:8      | Found a flagged portal.
  8088 | Bailey   | Entered a bailey
  8107 | Bailey   | Reached * piety under Okawaru
  8115 | Bailey   | HP: 3/83 [ogre/+0 glaive (16)]
  8125 | Bailey   | HP: 1/83 [ogre/+0 halberd (7)]
  8127 | Bailey   | Slain by an ogre

Illustrated notes

Levels and vault maps discovered:
D:1:      dpeg_arrival_snail, layout_loops_ring, roderic_lattice_a,
          patterned_corridor
D:2:      cheibrodos_helix_gallery, layout_loops_ring,
          chequers_ecumenical_altar_simple_redux, serial_bayou_lagoon_a,
          minmay_quantized
D:3:      layout_rooms, nicolae_tso_besieged_by_evil, serial_curves,
          eino_curves_01, eino_curves_03, uniq_natasha, uniq_crazy_yiuf_cottage
D:4:      layout_basic, trog_ov_bears_minmay
D:5:      layout_basic, nicolae_dithmenos_shadow_blocks,
          nicolae_overflow_hidden_temple, uniq_grinder, uniq_ijyb
D:6:      nicolae_cairo_tiling_large_dashed, layout_loops_corners,
          minmay_fire_ice_demons
D:7:      layout_rooms, minmay_temple_entry_waves
D:8:      layout_gridville, david_lair_generic, enter_bailey_6,
          minmay_misc_feat_rows
Temple:   hellmonk_temple_divided_pantheon
Bailey:   bailey_polearm_enchanted_keep_hellmonk, bailey

Skill      XL: |  1  2  3  4  5  6  7  8  9 |
---------------+----------------------------+-----
Armour         | 4 5 6 7 9 |  9.2
Axes           | 1 2 3 4 5 6 8 |  8.3
Fighting       | 4 5 6 8 9 |  9.2
Maces & Flails | 3 4 5 6 |  6.4
Shields        | 4 5 6 |  6.9

Action                   |  1- 3 |  4- 6 |  7- 9 || total
-------------------------+-------+-------+-------++-------
Melee: Hand axe          |    55 |   103 |   272 ||   430
       Flail             |     8 |       |       ||     8
       Headbutt          |    13 |    18 |    51 ||    82
  Use: Scroll            |     7 |     9 |     6 ||    22
       Potion            |       |       |     4 ||     4
Armor: Scale mail        |    36 |    64 |    64 ||   164
       Chain mail        |       |       |    98 ||    98
Dodge: Dodged            |    29 |    28 |   118 ||   175
Block: Buckler           |    17 |    20 |    65 ||   102
